[Event "*** Titled Tuesday Blitz"]
[Site "Chess.com"]
[Date "2019.12.03"]
[Round "4"]
[White "nurgyulsalimova"]
[Black "Dr-Bassem"]
[Result "1/2-1/2"]
[WhiteElo "2541"]
[BlackElo "2747"]
[TimeControl "180+2"]
[EndTime "13:54:48 PST"]
[Termination "Game drawn by agreement"]

1. e4 e5 2. Nf3 Nc6 3. Bc4 Nf6 4. d3 h6 5. O-O d6 6. c3 g6 7. a4 Bg7 8. a5 a6 9. Nbd2 O-O 10. Re1 Nh7 11. Nf1 Kh8 12. d4 exd4 13. Nxd4 Ne5 14. Be2 Qh4 15. f4 Ng4 16. g3 Qh3 17. Bf3 Qh5 18. Bg2 Qc5 19. h3 Ne5 20. Kh2 Nc4 21. b4 Qh5 22. Qb3 c5 23. bxc5 dxc5 24. Qxc4 cxd4 25. cxd4 Be6 26. Qd3 Rfd8 27. Be3 Nf6 28.
Rad1 Ng4+ 29. Kg1 Nxe3 30. Qxe3 Bxh3 31. Bxh3 Qxh3 32. d5 Rac8 33. e5 Rc2 34. Rd2 Rxd2 35. Qxd2 h5 36. d6 Qe6 37. Ne3 f6 38. Qd5 Qh3 39.
Qg2 Qd7 40. exf6 Bxf6 41. Nc4 Qb5 42. Ne5 Qc5+ 43. Kh2 Kg8 44. Qa2+ Kh7 45. Qf7+ Bg7 46. Qxg6+ Kg8 47. Qf7+ Kh7 48. Qxh5+ Kg8 49. Qf7+ Kh7 50.
Qf5+ Kg8 51. Qe6+ Kh7 52. Qg6+ Kg8 53. Qf7+ Kh7 54. Qh5+ 1/2-1/2

[Event "*** Titled Tuesday Blitz"]
[Site "Chess.com"]
[Date "2019.12.03"]
[Round "4"]
[White "j2806"]
[Black "nau64"]
[Result "0-1"]
[WhiteElo "1913"]
[BlackElo "2244"]
[TimeControl "180+2"]
[EndTime "13:54:52 PST"]
[Termination "nau64 won by checkmate"]

1. e4 c5 2. Nf3 Nc6 3. d4 cxd4 4.
Nxd4 Qb6 5. Nb3 Nf6 6. Bd3 e6 7. O-O d5 8. exd5 Nxd5 9. N1d2 Be7 10. Nc4 Qc7 11. Ne3 Nf4 12. Be4 O-O 13. g3 Ng6 14. Bd2 f5 15. Bg2 Bf6 16. c3 Bd7 17. Re1 Rad8 18.
Qe2 Rfe8 19. Rad1 Bc8 20. Bc1 a6 21. Nc4 b5 22. Ne3 Nce5 23. Rxd8 Rxd8 24. Rd1 Rxd1+ 25.
Qxd1 Ne7 26. Nd4 N7c6 27. Nxc6 Nxc6 28. Nc2 Bb7 29. Be3 Ne5 30. Nd4 Bxg2 31. Kxg2 Qb7+ 32. Kg1 Qd5 33. b3 Ng4 34. Qd2 Kf7 35. h3 Nxe3 36.
Qxe3 b4 37. Ne2 bxc3 38. Nxc3 Qc6 39. Ne2 e5 40. Qa7+ Kg6 41. Qe3 h6 42. h4 Qd5 43.
Nc3 Qc6 44. Ne2 Kh7 45. Nc3 e4 46. Ne2 Qd6 47. Nf4 Be5 48. Ne2 g6 49. Nf4 h5 50. Kg2 Bd4 51. Qe2 a5 52. Nh3 Qd5 53.
Ng5+ Kg7 54. Qa6 e3+ 55. Kh2 exf2 56. Qf1 Qe5 57. Nf3 Qe4 58. Nxd4 Qxd4 59. Kg2 a4 60. Qxf2 Qd5+ 61. Qf3 Qd2+ 62. Qf2 Qd5+ 63. Qf3 Qb5 64. bxa4 Qxa4 65. Qb3 Qe4+ 66. Kh3 Qh1# 0-1

[Event "*** Titled Tuesday Blitz"]
[Site "Chess.com"]
[Date "2019.12.03"]
[Round "4"]
[White "albano87"]
[Black "coalescenet"]
[Result "1/2-1/2"]
[WhiteElo "2088"]
[BlackElo "2348"]
[TimeControl "180+2"]
[EndTime "13:54:56 PST"]
[Termination "Game drawn - insufficient material"]

1. e4 c6 2. d4 d5 3. Nc3 a6 4. Nf3 Bg4 5. Be2 e6 6. O-O Nf6 7. Bg5 Be7 8. e5 Nfd7 9. Bxe7 Qxe7 10. h3 Bh5 11. a4 O-O 12. a5 c5 13. dxc5 Nc6 14. Na4 Nxa5 15. b4 Nc6 16. c3 Bxf3 17.
Bxf3 Ncxe5 18. Re1 Rfc8 19. Bxd5 exd5 20. f4 Qf6 21. fxe5 Qe6 22. Qd4 Re8 23. Nb6 Nxb6 24. cxb6 Rac8 25. Rad1 g6 26. Kh1 Re7 27. Qxd5 Qxd5 28.
Rxd5 Rxc3 29. Rc5 Rb3 30. Re4 f5 31. Rec4 Re3 32. Rc8+ Kg7 33. Rb8 R3xe5 34. Rc7 Kh6 35. Rbxb7 R7e6 36. Kh2 Kg5 37. Rxh7 Rb5 38. Rhc7 Rxb4 39.
Rc3 Rexb6 40. Rg3+ Kf6 41. Ra7 Ra4 42. Ra8 Ra2 43.
Rg8 Ke5 44. R8xg6 Rb1 45. Re3+ Kd4 46. Rf3 Ke4 47. Rf6 Ra5 48. Re6+ Kd5 49. Re2 Kc6 50. Re6+ Kd7 51. Rf6 Rbb5 52. h4 Ra4 53. Kh3 Raa5 54. h5 f4 55. h6 Rh5+ 56. Kg4 Rag5+ 57. Kxf4 Rxg2 58. Ke3 Rgh2 59. Rxa6 Rxh6 60. Rf7+ Ke8 61. Rxh6 Rxh6 62. Rf4 Re6+ 63. Re4 Rxe4+ 64. Kxe4 1/2-1/2

[Event "*** Titled Tuesday Blitz"]
[Site "Chess.com"]
[Date "2019.12.03"]
[Round "4"]
[White "CarlssonLudvig"]
[Black "Aleksandr_Kozak"]
[Result "1/2-1/2"]
[WhiteElo "2436"]
[BlackElo "2279"]
[TimeControl "180+2"]
[EndTime "13:55:02 PST"]
[Termination "Game drawn by stalemate"]

1. Nf3 g6 2. e4 Bg7 3. d4 c6 4.
Be2 d5 5. Nc3 Nh6 6. O-O O-O 7.
a4 a5 8. Bf4 f6 9. exd5 cxd5 10.
Nb5 Nc6 11. Nc7 Rb8 12. Nb5 e5 13. dxe5 fxe5 14. Bg5 Qd7 15. c4 d4 16. Bd3 Nf7 17.
Re1 Nxg5 18. Nxg5 Nb4 19. Ne4 Nxd3 20. Qxd3 b6 21. b3 Bb7 22. Rad1 Rf4 23. f3 Rbf8 24. Nbd6 Bc6 25. Nb5 h6 26. Ng3 h5 27. Qxg6 h4 28. Nh5 h3 29. Nxf4 Rxf4 30. Rd2 Rf6 31.
Qg4 Qxg4 32. fxg4 hxg2 33. Rxg2 Rf3 34. Rg3 Rf4 35. Rf1 Re4 36. Kf2 Bh6 37. Nd6 Be3+ 38. Ke2 Bf4+ 39. Nxe4 Bxe4 40. Rh3 Kg7 41. Rh5 d3+ 42.
Kd1 Kg6 43. Rh8 Kg5 44. Rg8+ Kh4 45. Re8 Kxg4 46. h3+ Kg3 47. Rg8+ Kh2 48. Re8 Bg2 49. Rf2 Kxh3 50. Rh8+ Kg3 51. Rd2 Bf3+ 52. Kc1 e4 53. Rg8+ Bg4 54. Rxg4+ Kxg4 55. b4 axb4 56. c5 bxc5 57. a5 Bc7 58. a6 Bb6 59. Ra2 Ba7 60. Kd2 c4 61. Ra4 e3+ 62. Kd1 e2+ 63. Ke1 c3 64. Rxb4+ Kf3 65. Rf4+ Kxf4 1/2-1/2

[Event "*** Titled Tuesday Blitz"]
[Site "Chess.com"]
[Date "2019.12.03"]
[Round "4"]
[White "joshdaruca"]
[Black "sergoy"]
[Result "0-1"]
[WhiteElo "2702"]
[BlackElo "2908"]
[TimeControl "180+2"]
[EndTime "13:55:03 PST"]
[Termination "sergoy won by resignation"]

1. Nf3 Nf6 2. g3 g6 3. Bg2 Bg7 4. O-O O-O 5. c4 c6 6. d4 d5 7. cxd5 cxd5 8. Nc3 Ne4 9. Nd2 Nf6 10. Qb3 Nc6 11.
e3 e6 12. Qc2 Bd7 13. b3 Rc8 14. Ba3 Re8 15. Rfc1 e5 16. dxe5 Nxe5 17. Bb2 Bf5 18. Qd1 Nd3 19. Na4 Nxc1 20. Rxc1 Ne4 21. Rxc8 Qxc8 22.
Bxg7 Kxg7 23. Nxe4 dxe4 24. Qd4+ Kg8 25. Nc3 Rd8 26.
Qe5 Bh3 27. Bxh3 Qxh3 28. Qxe4 Rc8 29. Qd4 h5 30. e4 h4 31. Qe3 Qg4 32. Nd5 Qe6 33.
Qd4 h3 34. f3 Rc6 35. Kf2 Qd6 36. b4 a5 37. a3 axb4 38. axb4 f6 39. Qd2 Qe5 40.
Ne3 Rd6 41. Nd5 Kg7 42. b5 Rd8 43. Qb4 Ra8 44. Nc3 Rc8 45. Ne2 Qc5+ 46. Qxc5 Rxc5 47. Nf4 Rxb5 48. Nxh3 g5 49. Ng1 Rb2+ 50. Ne2 b5 51.
Ke3 b4 52. h4 gxh4 53. gxh4 b3 54. Nd4 Rb1 55. Kd2 Kg6 56. Kc3 Kh5 57. Nxb3 Kxh4 58. Nd2 Ra1 59. Nc4 Kg3 60. e5 f5 61. Nd6 Kf4 62.
Kd4 Rd1+ 63. Kc5 Kxe5 64. Nc4+ Kf4 0-1

[Event "*** Titled Tuesday Blitz"]
[Site "Chess.com"]
[Date "2019.12.03"]
[Round "4"]
[White "beccrajoy"]
[Black "FrenchMonster2002"]
[Result "1-0"]
[WhiteElo "1807"]
[BlackElo "2376"]
[TimeControl "180+2"]
[EndTime "13:55:03 PST"]
[Termination "beccrajoy won by resignation"]

1. e4 c5 2. Nf3 d6 3. d4 cxd4 4. Nxd4 Nf6 5. Nc3 Nc6 6. Bg5 e6 7. Qd2 a6 8. f3 Bd7 9. O-O-O Nxd4 10. Qxd4 Be7 11. Bxf6 gxf6 12. f4 b5 13. g4 Qc7 14.
h3 Qc5 15. Qd2 b4 16. Ne2 e5 17. Ng3 exf4 18. Qxf4 Qg5 19. Nh5 a5 20. Bc4 Rc8 21. Bd5 a4 22. Rhf1 b3 23. axb3 axb3 24. Bxf7+ Kd8 25. Bxb3 Qe5 26. Qxe5 fxe5 27. Ng7 Bg5+ 28. Kb1 Bf4 29. Ne6+ Bxe6 30. Bxe6 Ke7 31. Bxc8 Rxc8 32. Rd3 Rc6 33. Rdf3 Kf6 34. Rxf4+ exf4 35. Rxf4+ Ke5 36. Rf5+ Kxe4 37. Rh5 Rc7 38. Rh6 d5 39. Kc1 Rf7 40. Kd2 Rf2+ 41. Kc3 d4+ 42. Kb3 Rf3+ 43. Kc4 Rf2 44.
c3 Rxb2 45. cxd4 Rc2+ 46. Kb3 Rc7 47. Rd6 Rc8 48. Rd7 h5 49. g5 h4 50. g6 Rg8 51. g7 Rb8+ 52. Kc4 Rc8+ 53. Kb5 Rb8+ 54. Kc6 Rc8+ 55. Kb7 Rg8 56. d5 Ke5 57. d6 Ke6 58.
Kc7 Kf6 59. Re7 Kf5 60. d7 Kf6 61. Re8 Rxg7 62. Kc8 Rxd7 63. Kxd7 Kf5 64. Rg8 Kf4 65. Rg4+ 1-0

[Event "*** Titled Tuesday Blitz"]
[Site "Chess.com"]
[Date "2019.12.03"]
[Round "4"]
[White "MajorCoast"]
[Black "marianokar"]
[Result "1/2-1/2"]
[WhiteElo "2133"]
[BlackElo "2403"]
[TimeControl "180+2"]
[EndTime "13:55:21 PST"]
[Termination "Game drawn by repetition"]

1. d4 Nf6 2. Nf3 e6 3. Bf4 d5 4. e3 Bd6 5. Bg3 O-O 6. Nbd2 c5 7. c3 Nc6 8. Bd3 b6 9. O-O Bb7 10. Qe2 h6 11. e4 Bxg3 12. hxg3 dxe4 13. Nxe4 cxd4 14.
cxd4 Nb4 15. Nxf6+ Qxf6 16. Be4 Bxe4 17. Qxe4 Rfc8 18. a3 Nd5 19. Ne5 Rc7 20. Rac1 Rac8 21. Rxc7 Rxc7 22. Nd3 Qd8 23. Nf4 Nxf4 24. Qxf4 Rd7 25.
Rd1 Rd5 26. Rc1 Rxd4 27. Qc7 Rd1+ 28. Kh2 Qxc7 29. Rxc7 Rd2 30. Rxa7 Rxf2 31. b4 Ra2 32.
Ra8+ Kh7 33. Rb8 Rxa3 34. Rxb6 Kg6 35. b5 Rb3 36. Rb8 e5 37. b6 f6 38. b7 Kg5 39.
Kg1 Kg4 40. Kf2 f5 41. Re8 Rxb7 42. Rxe5 Rb2+ 43. Ke3 Rb3+ 44. Kf2 Rxg3 45. Re7 Kf4 46. Rf7 Rg6 47. Rf8 Kg4 48. Rf7 h5 49. g3 h4 50.
gxh4 f4 51. h5 Rg5 52. h6 gxh6 53. Rh7 h5 54. Ra7 h4 55. Ra4 h3 56. Kg1 Kf3+ 57.
Kh2 Rg8 58. Ra3+ Ke2 59. Kxh3 f3 60. Ra2+ Ke3 61. Ra3+ Ke4 62. Ra4+ Ke5 63. Ra5+ Kd4 64. Ra4+ Ke3 65. Ra3+ Kf2 66. Ra2+ Ke3 67. Ra3+ 1/2-1/2

[Event "*** Titled Tuesday Blitz"]
[Site "Chess.com"]
[Date "2019.12.03"]
[Round "4"]
[White "MFBerna"]
[Black "AliKa2810"]
[Result "1/2-1/2"]
[WhiteElo "2355"]
[BlackElo "2529"]
[TimeControl "180+2"]
[EndTime "13:55:26 PST"]
[Termination "Game drawn by agreement"]

1. Nf3 d5 2. e3 Nf6 3. b3 e6 4.
Bb2 c5 5. Bb5+ Bd7 6. Bxd7+ Nbxd7 7. d4 Bd6 8. O-O O-O 9. Nbd2 Qc7 10. c4 cxd4 11. exd4 Rac8 12. Rc1 Qb8 13. Qe2 Rfe8 14.
Ne5 g6 15. Ndf3 Bf8 16. Ng5 Nxe5 17. dxe5 Nd7 18. Qf3 Re7 19. cxd5 Rxc1 20. Rxc1 exd5 21. Qxd5 Nxe5 22. Re1 Bg7 23. Bxe5 Bxe5 24. g3 Qd6 25. Qc4 Bxg3 26. Rxe7 Bxh2+ 27. Kg2 Qxe7 28. Qh4 Be5 29. Qxh7+ Kf8 30. f4 Bg7 31. Nf3 Qe2+ 32. Kg3 Qxa2 33. Qh4 Qa5 34. Qg4 Qc7 35. Ng5 a5 36. Qd1 Bh6 37. Kg4 Bxg5 38. Kxg5 Qc5+ 39. Kh4 Qb4 40. Qd8+ Kg7 41. Kg4 Qxb3 42. Qd4+ f6 43. Qd7+ Qf7 44.
Qd8 a4 45. Qa8 Qd7+ 46. Kh4 b5 47. Qa5 Qb7 48. Qb4 Qa7 49. Qxb5 a3 50. Qb1 a2 51. Qa1 Qf2+ 52. Kg4 Qg2+ 53. Kh4 Qc2 54. Qd4 Qh2+ 55.
Kg4 Qg2+ 56. Kh4 g5+ 57. fxg5 Qxg5+ 58. Kh3 Qf5+ 59. Kh4 Qe5 60. Qa7+ Kg6 61. Qxa2 Qe4+ 62. Kg3 Kg5 63. Qd2+ Kf5 64. Qd7+ Qe6 65. Qxe6+ Kxe6 66. Kf4 f5 67. Kf3 Kf6 68. Kf4 1/2-1/2

[Event "*** Titled Tuesday Blitz"]
[Site "Chess.com"]
[Date "2019.12.03"]
[Round "4"]
[White "LucaBrasi1968"]
[Black "Darhild"]
[Result "0-1"]
[WhiteElo "2424"]
[BlackElo "2657"]
[TimeControl "180+2"]
[EndTime "13:55:28 PST"]
[Termination "Darhild won by resignation"]

1. d4 Nf6 2. Nf3 g6 3. Bg5 Bg7 4. e3 O-O 5. Bd3 d5 6. O-O c5 7. c3 Qb6 8. Qb3 c4 9. Qxb6 axb6 10. Bc2 Nc6 11. Nbd2 Bf5 12. Rfc1 Bxc2 13. Rxc2 b5 14. Bxf6 Bxf6 15. e4 e6 16. Rcc1 b4 17. exd5 exd5 18. Nf1 Ra5 19. Ne3 Rfa8 20. Rab1 Bg7 21. cxb4 Nxb4 22.
a3 Nd3 23. Rc2 Bh6 24. Ng4 Bg7 25. Ne3 h5 26. g4 hxg4 27. Nxg4 Re8 28. b3 b5 29.
bxc4 dxc4 30. a4 bxa4 31. Rxc4 a3 32. Ra1 Rb8 33. Kg2 a2 34. Rc2 Rb2 35. Rxb2 Nxb2 36.
Ne3 Nd3 37. Kf1 Nb4 38. Ke2 Bh6 39. Kd2 Ra3 40. Ne5 Kg7 41. Nc4 Rb3 42. Ke2 Rb1 43. Nc2 Nxc2 44. Rxa2 Nxd4+ 45. Kd3 Nf5 46. Ne5 Rb7 47. Ng4 Bf4 48. h3 Rd7+ 49. Ke4 Bg5 50. f4 Bf6 51. Ra6 Bh4 52. Ne5 Rb7 53. Ra4 Bf6 54. Ng4 Be7 55. Ne5 Nd6+ 56. Kd5 Nf5 57.
Ke4 Rb4+ 58. Rxb4 Bxb4 59. Nf3 Bd6 60. Ng5 Nh4 61. Ke3 Kf6 62. Ne4+ Ke7 63. Nc3 Ng2+ 64. Kf3 Nxf4 65. h4 Nh5 66. Kg4 Bf4 67. Ne4 f5+ 68.
Kf3 fxe4+ 69. Kxe4 Kf6 0-1

[Event "*** Titled Tuesday Blitz"]
[Site "Chess.com"]
[Date "2019.12.03"]
[Round "4"]
[White "Chempiblinka"]
[Black "Aygehovit1992"]
[Result "0-1"]
[WhiteElo "2334"]
[BlackElo "2634"]
[TimeControl "180+2"]
[EndTime "13:55:33 PST"]
[Termination "Aygehovit1992 won by resignation"]

1. Nf3 g6 2. d4 Bg7 3. c4 Nf6 4. Nc3 O-O 5. Bg5 d6 6. e3 h6 7.
Bh4 g5 8. Bg3 Nh5 9. Qb3 Nxg3 10. hxg3 e6 11. O-O-O a5 12. Bd3 a4 13. Qc2 a3 14. b4 Nc6 15. Qb3 Qe7 16. b5 Na5 17. Qc2 d5 18. cxd5 Qb4 19. Bh7+ Kh8 20. Nxg5 Qb2+ 21. Kd2 Nc4+ 22. Ke1 exd5 23. Nxd5 Bg4 24. Nf3 c6 25. bxc6 bxc6 26. Nf4 c5 27. Qxc4 Kxh7 28.
Qxc5 Rac8 29. Qd5 Rc1 30. Qe4+ Kg8 31. Ne2 Qb4+ 32. Nd2 Rxd1+ 33. Kxd1 Be6 34. Nc1 Rc8 35. d5 Qxe4 36. Nxe4 Bxd5 37. Nd2 Bxg2 38. Rh4 Bb2 39. Rg4+ Kf8 40. Ne2 Bd5 41. Ra4 Bxa2 42. Ra7 Bd5 43. e4 Ra8 44. Rxa8+ Bxa8 45. Kc2 Bf6 46. f3 a2 47. Nb3 a1=Q 48. Nxa1 Bxa1 49. Kd3 f5 50. exf5 Bxf3 51. Nf4 Kf7 52. Ke3 Bg4 53. Ke4 Kf6 54. Nd5+ Kg5 55. Ne3 Bh3 56. Kf3 Bd4 57. Nc2 Be5 58. Ne3 h5 59. Nc4 Kxf5 60. Ne3+ Kg5 61. Nc4 Bc7 62. Ne3 Bd7 63. Kf2 Bb6 64. Kf3 Bxe3 65.
Kxe3 Kg4 66. Kf2 Bc6 0-1

[Event "*** Titled Tuesday Blitz"]
[Site "Chess.com"]
[Date "2019.12.03"]
[Round "4"]
[White "Konavets"]
[Black "mitrabhaa"]
[Result "1-0"]
[WhiteElo "2910"]
[BlackElo "2645"]
[TimeControl "180+2"]
[EndTime "13:55:35 PST"]
[Termination "Konavets won by resignation"]

1. c4 b6 2. Nc3 Bb7 3. d4 e6 4. e4 Bb4 5. f3 e5 6. d5 Bxc3+ 7.
bxc3 d6 8. Nh3 Ne7 9. g4 Nd7 10.
Nf2 Nc5 11. h4 Ng6 12. Bg5 f6 13. Be3 Qe7 14. h5 Nf4 15. Qd2 Rf8 16. Bxf4 exf4 17. Qxf4 O-O-O 18. Be2 Qe5 19. Qxe5 fxe5 20. O-O Rf7 21.
Kg2 Kd7 22. Nh3 Rff8 23. Kg3 Ke7 24. Nf2 h6 25. Nd1 Bc8 26. Ne3 Bd7 27. Rad1 Rf4 28.
Ng2 Rf6 29. Nh4 Kf7 30. Rf2 Kg8 31. Rdf1 Rdf8 32. Ng6 R8f7 33. Nh4 Ba4 34. Nf5 Bd7 35. Rg2 Bxf5 36. gxf5 Re7 37. Kf2 Kf8 38. Ke3 Ke8 39. Bd1 Kf8 40. Bc2 Rff7 41. Rg6 Rf6 42. Rfg1 Ref7 43. R6g2 Re7 44. Rg3 Ref7 45. Rh1 Re7 46.
Rh4 Ref7 47. Kd2 Re7 48. Rhg4 Ref7 49. Kc1 Re7 50. Kb2 Ref7 51. Ka3 a5 52. Rg1 Re7 53.
Rd1 Ref7 54. Ba4 Re7 55. Bc6 Kg8 56. Kb2 Rf8 57. Rg6 Rf6 58. Rg2 Kf8 59. Kc2 Ref7 60. Rb1 Re7 61. Rgg1 Ref7 62. Rb5 Ke7 63. Rd1 Rf8 64. Rd2 Na6 65. Rg2 Nc5 66. Rxg7+ R8f7 67. Rg2 Kf8 68. Rb1 Rg7 69. Rxg7 Kxg7 70. Rg1+ Kf7 71.
Kd2 Kf8 72. Ke3 Kf7 73. Rg2 Kf8 74. Rg4 Kf7 75. Rg3 Kf8 76. f4 Kf7 77. fxe5 dxe5 78. Bb5 Kf8 79. Rg1 Kf7 80. Kf3 Kf8 81. Rg4 Kf7 82. Ke2 Kf8 83. Kd2 Kf7 84. Kc2 Kf8 85.
Kb2 Kf7 86. Ka3 Kf8 87. Ba4 Kf7 88. Bc2 Kf8 89. Kb2 Kf7 90. Kc1 Kf8 91. Kd2 Kf7 92.
Ke3 Kf8 93. Rg1 Kf7 94. Bd1 Kf8 95. Bf3 Kf7 96. Be2 Kf8 97. Bd3 Kf7 98. Bc2 Kf8 99. Kf3 Rd6 100. Kg4 Rd7 101. f6 c6 102. Kf5 cxd5 103. cxd5 1-0

[Event "*** Titled Tuesday Blitz"]
[Site "Chess.com"]
[Date "2019.12.03"]
[Round "4"]
[White "Supernotar"]
[Black "Vugar_Manafov"]
[Result "1-0"]
[WhiteElo "2633"]
[BlackElo "2521"]
[TimeControl "180+2"]
[EndTime "13:55:46 PST"]
[Termination "Supernotar won by resignation"]

1. d4 Nf6 2. c4 e6 3. Nf3 Bb4+ 4. Nbd2 O-O 5. g3 d6 6. Bg2 Nc6 7. O-O e5 8. Nb3 exd4 9. Nfxd4 Nxd4 10. Qxd4 Nd7 11.
a3 Nc5 12. Nxc5 Bxc5 13. Qc3 a5 14. b3 Re8 15. e3 Qf6 16. Qxf6 gxf6 17. Bb2 Kg7 18.
Rfd1 Be6 19. Bxb7 Rab8 20. Bc6 Re7 21. Bb5 c6 22. Bxc6 Rxb3 23. Bd4 Rc7 24. Bxc5 Rxc6 25. Bxd6 Rxc4 26. Rac1 Rxc1 27. Rxc1 Rb2 28. h4 Bd5 29. Bc5 Bf3 30. Bd4 Ra2 31. Ra1 Rc2 32. a4 Rc4 33. Bb6 Bc6 34. Bxa5 Bxa4 35. Bb6 Bc6 36. Bd4 Bf3 37. Re1 h5 38. Rf1 Kg6 39. Ra1 Kg7 40.
Kf1 Rc2 41. Ke1 Re2+ 42. Kf1 Rc2 43. Rb1 Kg6 44. Ra1 Kf5 45. Kg1 Rc6 46. Rb1 Kg6 47.
Re1 Rc4 48. Rf1 Kf5 49. Re1 Kg6 50. Rf1 Kf5 51. Ra1 Kg6 52. Re1 Kf5 53. Rb1 Kg6 54. g4 hxg4 55. Kh2 f5 56. Kg3 Be4 57. Rb6+ Rc6 58. Rb8 Rc1 59. Rb6+ Kh7 60. Kf4 Rf1 61. Kg5 Rxf2 62. Rh6+ 1-0

[Event "*** Titled Tuesday Blitz"]
[Site "Chess.com"]
[Date "2019.12.03"]
[Round "4"]
[White "Jenia84"]
[Black "MasterKroket"]
[Result "1/2-1/2"]
[WhiteElo "2209"]
[BlackElo "2429"]
[TimeControl "180+2"]
[EndTime "13:55:51 PST"]
[Termination "Game drawn by repetition"]

1. Nf3 Nf6 2. c4 e6 3. d3 c5 4. Nc3 Nc6 5. g3 Be7 6. Bg2 O-O 7. O-O Rb8 8. a3 a6 9. Rb1 b5 10. cxb5 axb5 11. Bf4 d6 12. b4 cxb4 13. axb4 e5 14. Bg5 Be6 15. Nd2 d5 16. Bxf6 Bxf6 17. e4 dxe4 18.
Ndxe4 Be7 19. Nc5 Nd4 20. Re1 Bxc5 21. bxc5 b4 22. Ne2 b3 23. Nxd4 Qxd4 24. c6 f6 25. Qe2 Rb5 26. Qe4 Qb6 27. d4 Rd8 28. dxe5 Rxe5 29.
Qh4 Rd2 30. Qf4 Rc2 31. Be4 Rc4 32. Qf3 b2 33. Qd3 Rd4 34. Qc2 Rb4 35. Bxh7+ Kh8 36. Rxe5 fxe5 37. c7 Qb7 38. Bf5 Bxf5 39. Qxf5 Qxc7 40.
Qf8+ Kh7 41. Qxb4 Qc1+ 42. Rxc1 bxc1=Q+ 43. Kg2 Qc6+ 44. Kf1 Qc1+ 45. Qe1 Qc4+ 46. Qe2 Qd5 47. f3 Kg8 48. Kg2 Kf7 49. Qe4 Qc5 50. Qf5+ Kg8 51. h4 Qd4 52. Kh3 Qa1 53. Qe6+ Kh7 54. Qf5+ Kg8 55. Qe4 Qh1+ 56. Kg4 Qa1 57. Qd5+ Kh7 58. h5 Qc3 59. Qe4+ Kh8 60. Kg5 Qc7 61. Qg6 Qe7+ 62. Kg4 Qd7+ 63. Qf5 Qe7 64. f4 exf4 65. gxf4 Qe2+ 66.
Kg5 Qe7+ 67. Kg6 Qe8+ 68. Qf7 Qe4+ 69. Kg5 Qg2+ 70. Kf5 Qc2+ 71. Ke6 Qc4+ 72. Ke7 Qc7+ 73. Kf8 Qd8+ 74. Qe8 Qf6+ 75. Qf7 Qd8+ 76. Qe8 Qf6+ 77. Qf7 Qd8+ 1/2-1/2

[Event "*** Titled Tuesday Blitz"]
[Site "Chess.com"]
[Date "2019.12.03"]
[Round "4"]
[White "Dhaydon19"]
[Black "Triumphmate"]
[Result "1-0"]
[WhiteElo "2637"]
[BlackElo "2354"]
[TimeControl "180+2"]
[EndTime "13:55:55 PST"]
[Termination "Dhaydon19 won by resignation"]

1. d4 Nf6 2. c4 e6 3. Nc3 Bb4 4. Nf3 d5 5. cxd5 exd5 6. Bf4 c5 7. e3 Nc6 8. dxc5 Bxc3+ 9. bxc3 Ne4 10. Rc1 Qf6 11.
Bd3 Nxc3 12. Qc2 Ne4 13. Bxe4 dxe4 14. Qxe4+ Be6 15. O-O O-O 16. Bd6 Rfe8 17. Qc2 Bd5 18. Qe2 h6 19. Rfd1 Qe6 20. a3 Rad8 21. Rd2 Rd7 22. h3 Red8 23. Nd4 Nxd4 24. Rxd4 b6 25. Rcd1 bxc5 26. Bxc5 Qc6 27. Bb4 Bc4 28. Rxd7 Rxd7 29. Qc2 Rxd1+ 30. Qxd1 a6 31. Qd8+ Kh7 32. Qd4 Bb5 33.
Bc3 f6 34. f3 Qe6 35. e4 Qc4 36. Qd2 Qd3 37. Qe1 Bc4 38. Bb4 Qd4+ 39. Kh2 Qb2 40. Qg3 Bf1 41. Bf8 f5 42. exf5 Qf6 43. Bd6 Qxf5 44.
Be5 Qg6 45. Qf2 Bd3 46. Qe3 Bb5 47. Bc3 a5 48. Bxa5 Bf1 49. Qf2 Ba6 50. Bb4 Bb5 51. Qg3 Qf7 52. Bc3 Bc4 53. Qe5 Bd5 54. a4 Bc4 55. a5 Qg6 56. Qe4 Qxe4 57. fxe4 Kg8 58. Kg3 Kf7 59. Kf3 g6 60. Bd2 Ke6 61. Bxh6 Bd3 62.
Ke3 Bf1 63. g3 Ke5 64. h4 Ba6 65. Bf4+ Ke6 66. Kd4 Bb7 67. Kc5 Bxe4 68. Kb6 Kd7 69. a6 Kc8 70. a7 Bf3 71. Kc5 Kd7 72. Bb8 Ke6 73. Kb6 Kd7 74. Bf4 Be4 75. Be3 Kc8 76.
Kc5 Kd7 77. Kd4 Bg2 78. Ke5 Ke7 79. Kf4 Kf6 80. Bd4+ Kf7 81. Kg5 Bf3 82. g4 Be4 83. h5 gxh5 84. Kxh5 Kg8 85. Kh6 Bf3 86. g5 Be4 87. g6 Bd5 88. g7 Be4 89. Kg5 Kf7 90. Kf4 Bd5 91. Ke5 Bg2 92. Kd6 1-0

[Event "*** Titled Tuesday Blitz"]
[Site "Chess.com"]
[Date "2019.12.03"]
[Round "4"]
[White "bascheyaro"]
[Black "Man-Chuk"]
[Result "1/2-1/2"]
[WhiteElo "2767"]
[BlackElo "2927"]
[TimeControl "180+2"]
[EndTime "13:56:10 PST"]
[Termination "Game drawn by repetition"]

1. d4 Nf6 2. c4 e6 3. Nf3 d5 4.
Nc3 Bb4 5. Bg5 h6 6. Bh4 dxc4 7. e3 b5 8. Ne5 Bb7 9. a4 a6 10. axb5 axb5 11. Rxa8 Bxa8 12. Bxc4 Bxg2 13. Bxb5+ c6 14. Rg1 cxb5 15. Bxf6 gxf6 16. Nxf7 Kxf7 17. Qh5+ Kf8 18.
Rxg2 Qc7 19. Qxb5 Bxc3+ 20. bxc3 Qxc3+ 21. Kd1 Qc7 22. Rg6 Nd7 23. Qh5 Qc4 24. Ke1 Qc1+ 25. Ke2 Qc2+ 26. Kf1 Qf5 27. Qxf5 exf5 28. Ke2 Kf7 29. Rg1 Rg8 30. Ra1 Rg2 31. Rh1 Rg4 32. Kf3 Nf8 33. h3 Rg5 34. Ra1 Ng6 35. Ra7+ Ke6 36.
Ra6+ Ke7 37. Ra7+ Ke6 38. Ra6+ Kf7 39. Ra7+ Ne7 40. Rb7 Rg8 41. Kf4 Rd8 42. Ra7 Rc8 43. Rb7 Rc2 44. Kf3 Ke6 45. Rb6+ Rc6 46. Rb5 Ra6 47. Rb8 Kf7 48. Rb7 Ra5 49. Kf4 Rd5 50. h4 Ke6 51. h5 Rd7 52. Rb8 Nd5+ 53. Kf3 Kf7 54. Rb5 Ke6 55. Rb8 Kf7 56. Rb5 Kg7 57. Ra5 Kf8 58. Rb5 Kf7 59. Ra5 Ne7 60. Kf4 Rc7 61.
f3 Rd7 62. Kg3 Nd5 63. Kf2 Ke6 64. e4 fxe4 65. fxe4 Ne7 66. Ke3 Rb7 67. Ra6+ Kf7 68. d5 Rb3+ 69. Kf4 Rb7 70. Ra8 Rd7 71. Ra6 Nc8 72. Rc6 Nd6 73. e5 fxe5+ 74. Kxe5 Ke7 75. Ra6 Nf7+ 76. Kd4 Rd6 77. Ra7+ Rd7 78. Ra6 Nd6 79. Ke5 Nf7+ 80. Kd4 1/2-1/2

[Event "*** Titled Tuesday Blitz"]
[Site "Chess.com"]
[Date "2019.12.03"]
[Round "4"]
[White "Alexander_Moskalenko"]
[Black "SONOFHOLYGOD"]
[Result "1/2-1/2"]
[WhiteElo "2828"]
[BlackElo "2516"]
[TimeControl "180+2"]
[EndTime "13:56:23 PST"]
[Termination "Game drawn by repetition"]

1. c4 Nf6 2. Nc3 e5 3. Nf3 d6 4. g3 g6 5. Bg2 Bg7 6. O-O O-O 7. d4 Nfd7 8. Bg5 f6 9. Bd2 Nc6 10. d5 Ne7 11. e4 a5 12. a3 h6 13. Ne1 Kh7 14.
Nd3 f5 15. b4 b6 16. Rc1 Nf6 17. c5 axb4 18. axb4 bxc5 19. bxc5 Ba6 20. Qc2 fxe4 21.
Nxe4 Nexd5 22. Nxf6+ Nxf6 23. cxd6 cxd6 24. Bxa8 Qxa8 25.
Rfe1 Qf3 26. Re3 Qh5 27. h4 Ng4 28. Re2 Qf5 29. Nf4 Bxe2 30. Qxf5 Rxf5 31. Nxe2 Rxf2 32. Re1 e4 33. Bb4 d5 34. Bc5 Rf3 35. Kg2 Ne3+ 36. Kh2 Nf5 37. Nf4 Rxg3 38. Nxd5 Be5 39. Kh1 Rh3+ 40. Kg2 Rxh4 41. Rb1 Rh2+ 42. Kg1 h5 43. Bf8 Rd2 44. Rb7+ Kg8 45. Ne7+ Nxe7 46. Bxe7 e3 47. Bg5 Bd4 48. Kf1 Rf2+ 49. Ke1 Rf5 50. Bh6 Bf6 51. Bxe3 Re5 52. Kf2 Rf5+ 53. Kg2 g5 54. Bd2 Rd5 55. Bc1 Re5 56. Kf3 Re6 57. Rb5 Be5 58. Bxg5 Kf7 59. Bf4 Bxf4 60. Kxf4 Kg6 61.
Rg5+ Kh6 62. Rg8 Ra6 63. Kg3 Ra3+ 64. Kh4 Ra4+ 65. Kh3 Kh7 66. Rg3 Rc4 67. Rg5 Kh6 68.
Rg8 Rc6 69. Kh2 h4 70. Rh8+ Kg5 71. Rg8+ Kh5 72. Rh8+ Kg4 73. Rg8+ Kf3 74. Kh3 Rc4 75. Rf8+ Ke3 76. Ra8 Kf2 77. Rf8+ Kg1 78. Rg8+ Kf2 79. Rf8+ Ke3 80. Rg8 Kf3 81. Ra8 Rf4 82. Ra3+ Kf2 83. Ra2+ Kg1 84. Rd2 Ra4 85. Re2 Kf1 86. Rb2 Rf4 87. Ra2 Ke1 88. Rb2 Kd1 89. Ra2 Ke1 90. Rb2 Rc4 91. Rg2 Kf1 92. Ra2 Rd4 93. Rb2 Rc4 94. Rd2 Ke1 95. Ra2 Rf4 1/2-1/2

[Event "*** Titled Tuesday Blitz"]
[Site "Chess.com"]
[Date "2019.12.03"]
[Round "4"]
[White "LimeInTheCoconut"]
[Black "Kumi29"]
[Result "1/2-1/2"]
[WhiteElo "2351"]
[BlackElo "2508"]
[TimeControl "180+2"]
[EndTime "13:56:40 PST"]
[Termination "Game drawn by repetition"]

1. Nf3 g5 2. Nxg5 e5 3. d4 Be7 4. Nf3 e4 5. Ng1 d5 6. c4 Nf6 7. Nc3 c6 8. Bg5 Rg8 9. Bxf6 Bxf6 10. e3 Be6 11. Qb3 Nd7 12. cxd5 cxd5 13. Nge2 Nb6 14. Nf4 Rc8 15. Bb5+ Kf8 16. Qa3+ Be7 17. Qxa7 Qc7 18.
Na4 Bb4+ 19. Kf1 Nc4 20. Nc5 Nd2+ 21. Kg1 Nf3+ 22. Kf1 Nd2+ 23. Kg1 Bxc5 24. Qxc5+ Qxc5 25. dxc5 Rxc5 26. Be2 Rc2 27. b3 Ke7 28. h4 Kd6 29.
Kh2 Bd7 30. Rhc1 Rgc8 31. Rxc2 Rxc2 32. Kg3 h6 33. Bh5 f6 34. Ne2 Rb2 35. Nd4 Bc6 36. a4 Nxb3 37. Nxb3 Rxb3 38. a5 Rb2 39. Rd1 Ke5 40. f4+ exf3 41. gxf3 Ra2 42. Rd4 Rxa5 43. f4+ Kd6 44. Bf7 Ra3 45. Kf3 Kc5 46. Rd1 b5 47. Rc1+ Kd6 48. Rb1 Ra4 49. Bg6 Rc4 50.
Bd3 Rc5 51. Kg4 Rc3 52. Bxb5 Rxe3 53. Bxc6 Kxc6 54. Kf5 d4 55. Kxf6 d3 56. Kg6 Kd5 57. f5 Ke5 58. Rb5+ Ke4 59. Rb4+ Kd5 60. Rb2 Re2 61. Rb8 d2 62. Rd8+ Ke5 63. Re8+ Kd6 64. Rd8+ Ke7 65. Rd3 Rg2+ 66. Kxh6 Kf6 67. Rd5 Rh2 68.
h5 Rg2 69. Kh7 Rg5 70. h6 Rxf5 71. Rxd2 Rg5 72. Rf2+ Ke7 73. Rf3 Ke8 74. Kh8 Ke7 75. h7 Rg1 76. Ra3 Kf7 77. Ra7+ Kf8 78. Ra8+ Kf7 79.
Rg8 Ra1 80. Rg7+ Kf6 81. Rg8 Kf7 82. Rb8 Rg1 83. Rb2 Rg3 84. Rf2+ Ke8 85. Rf4 Ke7 86. Rf5 Rg1 87. Ra5 Kf7 88. Ra7+ Kf8 89. Ra8+ Kf7 90. Ra7+ 1/2-1/2